 Dungeon Sprint DCSS version 0.31-a0-986-g5e6e4ef867 (webtiles) character file.

Game seed: 6735869193261409709

8317 rocky1 the Brawler (level 11, -8/97 HPs)
             Began as a Naga Shapeshifter on Nov 3, 2023.
             Was an Initiate of Gozag.
             Killed from afar by a molten gargoyle (27 damage)
             ... with a bolt of magma
             ... in the Dungeon (Sprint VII: "The Pits").
             The game lasted 00:06:47 (2113 turns).

rocky1 the Brawler (Naga Shapeshifter)              Turns: 2113, Time: 00:06:48

Health: -8/97      AC: 18    Str: 20    XL:     11   Next: 29%
Magic:  11/11      EV: 13    Int: 11    God:    Gozag
Gold:   3545       SH:  0    Dex: 11    Spells: 10/10 levels left

rFire   . .          .
                       - Unarmed
rCold   . . .        (no shield)
rNeg    . . .        o - +3 chain mail
rPois   +            (helmet currently unavailable)
rElec   .            (cloak currently unavailable)
rCorr   .            (gloves currently unavailable)
SInv    +            (no barding)
Will    +....        (no amulet)
Stlth   +            u - +4 ring of protection
HPRegen 0.36/turn    t - +5 ring of evasion
MPRegen 0.12/turn

%: no teleportation
@: beast-form, gold aura, slowed, very slow
A: beast (slay +4), AC +3, large, see invisible, deformed body, poison
resistance, slowness 2, spit poison 1, naga tail 1
a: Spit Poison, Begin Untransformation, Renounce Religion, Potion Petition, Call
Merchant, Bribe Branch


You were in the Dungeon.
You worshipped Gozag.
Gozag was most pleased with you.
You were a hulking beast.
You visited 1 branch You collected 4932 gold pieces.
You spent 864 gold pieces at shops.
You paid 523 gold pieces to Gozag.

Inventory:

Missiles
 i - a boomerang
Armour
 a - a +0 animal skin
 o - a +3 chain mail (worn)
 s - a +0 cloak
Jewellery
 b - a +3 ring of strength
 p - a +3 ring of dexterity
 t - a +5 ring of evasion (right hand)
 u - a +4 ring of protection (left hand)
Talismans
 c - a beast talisman
 d - a flux talisman
Scrolls
 l - 2 scrolls of vulnerability
 m - 5 scrolls of amnesia
 n - a scroll of butterflies
Potions
 e - 6 potions of curing
 f - 12 potions of heal wounds
 g - 2 potions of haste
 h - 4 potions of magic
 k - a potion of invisibility
 q - 2 potions of brilliance
 r - 2 potions of might


   Skills:
 + Level 6.2 Fighting
 + Level 9.7 Armour
 + Level 6.7 Dodging
 + Level 9.3 Stealth
 + Level 19.5 Unarmed Combat
 + Level 9.5 Shapeshifting


You had 10 spell levels left.
You didn't know any spells.
Your spell library was empty.

Dungeon Overview and Level Annotations

Branches:
Dungeon (1/1)

Altars:
Ashenzari
Cheibriados
Dithmenos
Elyvilon
Fedhas
Gozag
Hepliaklqana
Kikubaaqudgha
Makhleb
Nemelex Xobeh
Okawaru
Qazlal
Ru
Sif Muna
Trog
Uskayaw
Vehumet
Wu Jian
Xom
Yredelemnul
Zin
The Shining One
Jiyva
Lugonu

Shops:
D =


Innate Abilities, Weirdness & Mutations

You are a hulking beast.
Your limbs bulge with bestial killing power. (Slay +4)
Your serpentine skin is tough. (AC +3)
You have supernaturally acute eyesight. (SInv)
Armour fits poorly on your strangely shaped body.
Your system is resistant to poisons. (rPois)
You cover ground very slowly.
You can spit poison.
You have a snake-like lower body.


Message History

You punch the flayed ghost!
The flayed ghost is moderately damaged.
The flayed ghost barely misses you.
You pummel the flayed ghost!! Your punch misses the flayed ghost.
The flayed ghost is severely damaged.
The flayed ghost misses you.
You completely miss the flayed ghost.
The flayed ghost is severely damaged.
You closely miss the flayed ghost. Your punch misses the flayed ghost.
The flayed ghost is severely damaged.
The flayed ghost barely misses you.
You closely miss the flayed ghost. You punch the flayed ghost!
The flayed ghost is almost destroyed.
The flayed ghost hits you.
You pummel the flayed ghost!!
You destroy the flayed ghost!
You now have 3545 gold pieces (gained 63).
You see here a +0 trident.
A molten gargoyle and a bog body come into view.
The bog body points at you and mumbles some strange words.
You feel yourself slow down.
The molten gargoyle moves out of view.
A hell rat comes into view.
The bog body touches you but does no damage. x2
The bog body touches you. The bog body freezes you!!
The molten gargoyle blasts magma at you!
The bolt of magma misses you.
There is a broken door here.
Unknown command.
You hit the bog body. You punch the bog body.
The bog body is moderately damaged.
The hell rat is distracted by your dazzling golden aura.
The hell rat roars deafeningly!
You hit the bog body.
The bog body is heavily damaged.
The bog body touches you. The bog body freezes you!
* * * LOW HITPOINT WARNING * * *
The molten gargoyle blasts magma at you!
The bolt of magma hits you!!
You die...
Your body crumbles into a pile of gold.

........+ ........+
.#......# ........#
#''######
#''################ ###
#..........#...r..# ....
#..........+...n9.# .....
#..#####...#####h##......
#..)(..#.................
#..#...#.......)##'##....
#..#...#.#####.)# ..# #
#..#####.'...#..# ..#
#........#...'))##'##..+
#........#...#.........#
##'###...#...#..........
#....'...#+###...####+##


You could see a bog body, a molten gargoyle and a hell rat.

Vanquished Creatures
  An orc high priest (D)
  A shadow wraith (D)
  A flayed ghost (D)
  A swamp dragon (D)
  An orc knight (D)
  A cyclops (D)
  An elephant (D)
  A black mamba (D)
  An orange demon (D)
  A troll (D)
  A merfolk (D)
  A snapping turtle (D)
  8 dream sheep (D)
  A wraith (D)
  A ynoxinul (D)
  A wyvern (D)
  3 yaks (D)
  A redback (D)
  3 vampire mosquitoes (D)
  An acid dragon (D)
  A water moccasin (D)
  An ice beast (D)
  2 orc warriors (D)
  A sky beast (D)
  A wolf (D)
  A centaur (D)
  A phantom (D)
  A gnoll sergeant (D)
  5 killer bees (D)
  A crimson imp (D)
  A jelly (D)
  Jessica (D)
  An iguana (D)
  An orc wizard (D)
  6 gnolls (D)
  An ufetubus (D)
  6 orcs (D)
  An endoplasm (D)
  A goblin (D)
  2 hobgoblins (D)
  4 kobolds (D)
  A bat (D)
  4 frilled lizards (D)
  2 rats (D)
78 creatures vanquished.

Notes
Turn   | Place    | Note
-------+----------+-------------------------------------------
     0 | D        | rocky1 the Naga Shapeshifter began the quest for the Orb.
     0 | D        | Reached XP level 1. HP: 18/18 MP: 1/1
    20 | D        | Found a bloodstained altar of Trog.
    20 | D        | Found a shimmering blue altar of Sif Muna.
    20 | D        | Found a viscous altar of Jiyva.
    20 | D        | Found a hazy altar of Hepliaklqana.
    20 | D        | Found an opulent altar of Gozag.
    43 | D        | Found a glowing golden altar of the Shining One.
    43 | D        | Found a glowing silver altar of Zin.
    43 | D        | Found a basalt altar of Yredelemnul.
    43 | D        | Found a shimmering altar of Xom.
    43 | D        | Found an ornate altar of the Wu Jian Council.
    43 | D        | Found a sacrificial altar of Ru.
    43 | D        | Found a stormy altar of Qazlal.
    43 | D        | Found an iron altar of Okawaru.
    43 | D        | Found a sparkling altar of Nemelex Xobeh.
    43 | D        | Found a burning altar of Makhleb.
    43 | D        | Found a blossoming altar of Fedhas.
    43 | D        | Found a white marble altar of Elyvilon.
    43 | D        | Found a shadowy altar of Dithmenos.
    43 | D        | Found a snail-covered altar of Cheibriados.
    46 | D        | Found a corrupted altar of Lugonu.
    46 | D        | Found a radiant altar of Vehumet.
    47 | D        | Found an ancient bone altar of Kikubaaqudgha.
    47 | D        | Found a hide-covered altar of Uskayaw.
    47 | D        | Found a broken altar of Ashenzari.
    50 | D        | Became a worshipper of Gozag Ym Sagoz the Greedy
    85 | D        | Reached skill level 4 in Unarmed Combat
    85 | D        | Reached XP level 2. HP: 11/25 MP: 2/2
   455 | D        | Noticed a water moccasin
   455 | D        | Noticed a centaur
   460 | D        | Reached skill level 5 in Unarmed Combat
   460 | D        | Reached XP level 3. HP: 31/31 MP: 3/3
   461 | D        | Noticed a gnoll sergeant
   462 | D        | Killed a centaur
   463 | D        | Reached skill level 6 in Unarmed Combat
   463 | D        | Reached XP level 4. HP: 38/38 MP: 4/4
   466 | D        | Killed a water moccasin
   467 | D        | Reached skill level 1 in Armour
   467 | D        | Reached skill level 8 in Unarmed Combat
   467 | D        | Reached XP level 5. HP: 40/45 MP: 5/5
   469 | D        | Reached XP level 6. HP: 47/52 MP: 6/6
   482 | D        | Reached skill level 9 in Unarmed Combat
   817 | D        | Upgraded the game from 0.31-a0-983-g7b6862f502 to
                  | 0.31-a0-986-g5e6e4ef867
   842 | D        | Reached skill level 10 in Unarmed Combat
   845 | D        | Noticed a sky beast
   850 | D        | Killed a sky beast
   851 | D        | Reached XP level 7. HP: 49/61 MP: 7/7
   861 | D        | Reached skill level 1 in Stealth
   937 | D        | Noticed a wraith
   947 | D        | Killed a wraith
   948 | D        | Reached skill level 11 in Unarmed Combat
  1081 | D        | Bought a +5 ring of evasion for 432 gold pieces
  1081 | D        | Bought a +4 ring of protection for 432 gold pieces
  1089 | D        | Noticed a vampire mosquito
  1089 | D        | Noticed a vampire mosquito
  1089 | D        | Noticed a vampire mosquito
  1089 | D        | Noticed an orc high priest
  1102 | D        | Killed a vampire mosquito
  1103 | D        | Reached skill level 12 in Unarmed Combat
  1103 | D        | Reached XP level 8. HP: 65/69 MP: 8/8
  1108 | D        | Reached skill level 5 in Dodging
  1109 | D        | Noticed an orange demon
  1111 | D        | Noticed a rust devil
  1113 | D        | Killed an orc high priest
  1114 | D        | Reached skill level 5 in Armour
  1114 | D        | Reached skill level 5 in Stealth
  1114 | D        | Reached skill level 13 in Unarmed Combat
  1114 | D        | Reached XP level 9. HP: 78/78 MP: 9/9
  1194 | D        | Noticed a cyclops
  1194 | D        | Noticed Jessica
  1196 | D        | Killed Jessica
  1204 | D        | Reached skill level 14 in Unarmed Combat
  1210 | D        | Killed a cyclops
  1296 | D        | Reached skill level 15 in Unarmed Combat
  1341 | D        | Noticed a merfolk
  1341 | D        | Noticed a swamp dragon
  1353 | D        | Killed a swamp dragon
  1360 | D        | Killed a merfolk
  1361 | D        | Reached XP level 10. HP: 49/87 MP: 10/10
  1790 | D        | Noticed an orange demon
  1792 | D        | Reached skill level 16 in Unarmed Combat
  1794 | D        | Reached skill level 5 in Fighting
  1803 | D        | Killed an orange demon
  1813 | D        | Reached skill level 17 in Unarmed Combat
  1855 | D        | Noticed a black mamba
  1858 | D        | Killed a black mamba
  1859 | D        | Noticed a shadow wraith
  1873 | D        | Killed a shadow wraith
  1959 | D        | Noticed an orc knight
  1969 | D        | Killed an orc knight
  1970 | D        | Reached skill level 18 in Unarmed Combat
  2052 | D        | Noticed an elephant
  2063 | D        | Killed an elephant
  2064 | D        | Reached XP level 11. HP: 76/97 MP: 11/11
  2069 | D        | Reached skill level 19 in Unarmed Combat
  2091 | D        | Noticed a flayed ghost
  2106 | D        | Killed a flayed ghost
  2110 | D        | Noticed a bog body
  2113 | D        | Killed from afar by a molten gargoyle

Illustrated notes

Levels and vault maps discovered:
D:        pitsprint [storerooms_1, entrance_room_1, metal_vault_8, armoury_2,
          mini_pit_1, grid_room_1, main_hall_1, silver_pit, the_coven_3,
          the_vestibule_1, steel_vault_3, golden_pit, hallway_of_sentries,
          crystal_vault_6, iron_vault_4, final_vault]

Skill      XL: |  1  2  3  4  5  6  7  8  9 10 11 |
---------------+----------------------------------+-----
Dodging        | 2 3 4 5 6 |  6.7
Unarmed Combat | 4 5 6 8 10 12 13 15 18 19 | 19.5
Shapeshifting  | 4 6 7 8 9 |  9.5
Fighting       | 2 3 4 5 6 |  6.2
Armour         | 1 2 4 5 7 9 |  9.7
Stealth        | 3 5 7 8 9 |  9.3

Action                     |  1- 3 |  4- 6 |  7- 9 | 10-12 || total
---------------------------+-------+-------+-------+-------++-------
  Melee: Unarmed           |    24 |    33 |    83 |   100 ||   240
         Punch             |       |       |     4 |    12 ||    16
 Invoke: Call Merchant     |       |       |     1 |       ||     1
Ability: Spit Poison       |     1 |       |     1 |     1 ||     3
    Use: Potion            |     2 |     2 |     3 |       ||     7
         Scroll            |       |       |     1 |       ||     1
   Stab: Distracted        |       |       |     2 |       ||     2
         Invisible         |       |       |     2 |       ||     2
 Armour: Animal skin       |    17 |       |       |       ||    17
         Chain mail        |     9 |    15 |    67 |    63 ||   154
         Skin              |       |    19 |       |       ||    19
  Dodge: Dodged            |    15 |     2 |    50 |    30 ||    97

Table legend: (Time is in decaauts)
 A = Elapsed time spent in this place.
 B = Non-inter-level travel time spent in this place.
 C = Inter-level travel time spent in this place.
 D = Time resting spent in this place.
 E = Time spent auto-exploring this place.
 F = Levels seen in this place.
 G = Mean time per level.
                   A        B        C        D        E       F      G
               +--------+--------+--------+--------+--------+-----+--------+
         Total |   2235 |   2141 |     94 |   1390 |      0 |   1 | 2235.0 |
       Dungeon |   2235 |   2141 |     94 |   1390 |      0 |   1 | 2235.0 |
               +--------+--------+--------+--------+--------+-----+--------+

Top non-repeatable levels by time:
       D: 2235 daAuts
